 Dungeon Crawl Stone Soup version 0.31-a0-675-g238779eb0a (webtiles) character file.

Game seed: 2780006637192849030

2445 qw the Skirmisher (level 9, 0/55 HPs)
             Began as a Gargoyle Hunter on Sept 5, 2023.
             Was a Follower of Okawaru.
             Blown up by Maggie (18 damage)
             ... with a mindburst bolt
             ... on level 6 of the Dungeon.
             The game lasted 00:02:54 (4891 turns).

qw the Skirmisher (Gargoyle Hunter)                 Turns: 4891, Time: 00:02:55

Health: 0/55       AC: 15    Str: 15    XL:     9   Next: 49%
Magic:  11/12      EV: 16    Int: 10    God:    Okawaru [*.....]
Gold:   516        SH:  0    Dex: 17    Spells: 8/8 levels left

rFire   + . .        Y - +0 shortbow
rCold   . . .        (shield currently unavailable)
rNeg    + . .        d - +3 leather armour
rPois   inf          i - +1 helmet
rElec   +            (no cloak)
rCorr   .            (no gloves)
SInv    +            (no boots)
Will    .....        (no amulet)
Stlth   +++          c - ring of see invisible
HPRegen 0.29/turn    k - ring of protection from fire
MPRegen 0.13/turn

%: no passive effects
@: about to teleport, heroic, mesmerised
A: sickness immunity, AC +6, negative energy resistance 1, electricity
resistance, torment resistance 1, petrification resistance
a: Renounce Religion, Heroism


You were on level 6 of the Dungeon.
You worshipped Okawaru.
Okawaru was aware of your devotion.
You visited 1 branch of the dungeon, and saw 6 of its levels.
You also visited: Ossuary.

You collected 516 gold pieces.


Innate Abilities, Weirdness & Mutations

You are immune to sickness and miasma.
Your stone body is resilient. (AC +6)
You are immune to poison.
You resist negative energy. (rN+)
You are resistant to electric shocks. (rElec)
You are resistant to unholy torment.
You are immune to petrification.


   Skills:
 - Level 6.0(11.0) Fighting
 - Level 10.8(15.8) Ranged Weapons
 - Level 1.2(6.2) Armour
 + Level 2.7(7.7) Dodging
 - Level 1.1(6.1) Stealth
 - Level 4.7 Invocations


You had 8 spell levels left.
You didn't know any spells.
Your spell library was empty.

Inventory:

Hand Weapons
 Y - a +0 shortbow (weapon)
Armour
 d - a +3 leather armour (worn)
 i - a +1 helmet (worn)
Jewellery
 c - a ring of see invisible (left hand)
 e - a ring of ice
 k - a ring of protection from fire (right hand)
 n - a +6 ring of dexterity
Scrolls
 a - a scroll of teleportation
 b - 2 scrolls of identify
 m - a scroll of enchant weapon {unknown}
Potions
 f - 3 potions of mutation
 g - 3 potions of enlightenment
 h - a potion of curing
 j - 2 potions of heal wounds
 l - a potion of might

Dungeon Overview and Level Annotations

Branches:
Dungeon (6/15)             Temple (0/1) D:4         Ossuary (visited)

Altars:
Fedhas
Gozag
Kikubaaqudgha
Okawaru
Sif Muna
Uskayaw

Annotations:
D:6 Maggie


Message History

Maggie casts a spell.
Maggie draws you further into her thrall.
You shoot an arrow. The arrow barely misses Maggie.
You shoot an arrow.
The arrow hits Maggie but does no damage.
Maggie is moderately wounded.
Maggie barely misses you.
You shoot an arrow. The arrow hits Maggie.
Maggie is heavily wounded.
Maggie practices a pose.
Maggie zaps a wand.
You struggle to resist.
You shoot an arrow. The arrow hits Maggie!
Maggie is heavily wounded.
You shoot an arrow. The arrow hits Maggie!
Maggie is severely wounded.
Maggie closely misses you.
You shoot an arrow. The arrow completely misses Maggie.
Maggie gestures at you while chanting. The bolt of fire hits you! You resist.
You shoot an arrow. The arrow barely misses Maggie.
Maggie misses you.
You shoot an arrow. The arrow hits Maggie.
Maggie is almost dead.
You shoot an arrow. The arrow barely misses Maggie.
Maggie zaps a wand.
Your mind is blasted!
4888 ||| READING 2 scrolls of teleportation.
As you read the scroll of teleportation, it crumbles to dust.
You feel strangely unstable. Maggie hits you but does no damage.
4889 ||| DRINKING 3 potions of heal wounds.
You feel much better.
Maggie zaps a wand.
Your mind is blasted!
You shoot an arrow. The arrow closely misses Maggie.
Maggie casts a spell at you. The bolt of fire misses you.
You shoot an arrow.
The arrow hits Maggie but does no damage.
Maggie is almost dead.
Maggie zaps a wand.
Your mind is blasted!
You die...

# #.)........# #..
#<##.#
#..........####..##%##.#
####..#.##.......##.##.#
......#.##.#...###..##.#
##.........[.## #.##..#
#...##.####..####.##.##
... #.# #............ #
#.###..##.....#.##
#@...$#...........
#....@.#.....##........
#..###...######.#......
.. #..## #.##)#[## ...#
#. #..... #.## # #.
##.### #.# ....###.# #.#
#.....# #.##..)..


You could see Maggie (mesmerising).

Vanquished Creatures
  A two-headed ogre (D:6)
  Prince Ribbit (D:5)
  Grinder (D:3)
  Sigmund (D:2)
  An orc warrior (D:5)
  A black bear (D:6)
  An ogre (D:5)
  A phantom (D:5)
  2 elf skeletons (D:4)
  A howler monkey (D:3)
  4 hounds
  2 orc priests
  Terence (D:2)
  3 sleepcaps (D:5)
  An iguana (D:5)
  5 orc wizards
  Ijyb (D:3)
  8 mummies (Ossuary)
  4 gnolls (D:5)
  6 adders
  A white imp (D:5)
  2 worms
  5 dart slugs
  27 orcs
  5 ball pythons
  8 endoplasms
  4 giant cockroaches
  9 hobgoblins
  17 jackals
  6 kobolds
  5 quokkas
  3 bats
  3 frilled lizards
  6 goblins
  5 hobgoblin zombies (Ossuary)
  A kobold zombie (Ossuary)
  3 orc skeletons (D:4)
  3 orc zombies
  6 rats
165 creatures vanquished.

Notes
Turn   | Place    | Note
-------+----------+-------------------------------------------
     0 | D:1      | qw the Gargoyle Hunter began the quest for the Orb.
     0 | D:1      | Reached XP level 1. HP: 12/12 MP: 1/1
     0 | D:1      | 0 ||| qw: Version: 0.3-a-75-g829b12e
     0 | D:1      | 0 ||| qw: Game counter: 123
     0 | D:1      | 0 ||| qw: Melee chars always use a shield: true
     0 | D:1      | 0 ||| qw: God list: Okawaru
     0 | D:1      | 0 ||| qw: Allow faded altars: false
     0 | D:1      | 0 ||| qw: Do Orc after clearing Dungeon:15 true
     0 | D:1      | 0 ||| qw: Do second Lair branch before Depths: true
     0 | D:1      | 0 ||| qw: Lair rune preference: random
     0 | D:1      | 0 ||| qw: Goals: Normal
     0 | D:1      | 0 ||| PLANNING D:1-11
    70 | D:1      | Reached XP level 2. HP: 17/17 MP: 2/2
   305 | D:1      | Reached XP level 3. HP: 21/21 MP: 3/3
   428 | D:1      | 428 ||| UPGRADING to +0 ring mail.
   438 | D:1      | 438 ||| DROPPING +0 leather armour.
   439 | D:1      | 439 ||| READING 2 scrolls labelled HAEZXA JAD.
   443 | D:1      | 443 ||| READING 2 scrolls labelled GOYKHL ICWAAMP.
   444 | D:1      | 444 ||| DROPPING scroll of butterflies.
   445 | D:1      | 445 ||| DROPPING scroll of blinking.
   467 | D:2      | Reached skill level 1 in Armour
   471 | D:2      | Reached skill level 5 in Ranged Weapons
   548 | D:2      | Reached XP level 4. HP: 27/27 MP: 4/4
   601 | D:2      | Reached skill level 3 in Fighting
   613 | D:2      | Noticed Terence
   628 | D:2      | HP: 5/28 [Terence/+0 hand axe (3)]
   629 | D:2      | 629 ||| READING scroll of teleportation.
  1002 | D:2      | Noticed Sigmund
  1010 | D:2      | Killed Sigmund
  1011 | D:2      | Reached skill level 6 in Ranged Weapons
  1011 | D:2      | Reached XP level 5. HP: 32/32 MP: 5/5
  1011 | D:2      | Reached XP level 6. HP: 37/37 MP: 6/6
  1198 | D:2      | 1198 ||| READING scroll labelled WIONAG JODD.
  1199 | D:2      | 1199 ||| READING 3 scrolls labelled PUAN QUOMNUU.
  1200 | D:2      | 1200 ||| DROPPING 2 scrolls of fog.
  1242 | D:2      | Killed Terence
  1386 | D:3      | Found an iron altar of Okawaru.
  1387 | D:3      | 1387 ||| PLANNING OKAWARU WORSHIP
  1387 | D:3      | 1387 ||| UPGRADING to ring of see invisible.
  1388 | D:3      | 1388 ||| READING scroll labelled WABLODAVOERAOPS.
  1397 | D:3      | Became a worshipper of Warmaster Okawaru
  1398 | D:3      | 1398 ||| PLANNING D:1-11
  1475 | D:3      | Noticed Grinder
  1490 | D:3      | Paralysed by Grinder for 5 turns
  1515 | D:3      | Killed Grinder
  1516 | D:3      | Reached XP level 7. HP: 36/44 MP: 7/7
  1621 | D:3      | Found a blossoming altar of Fedhas.
  1966 | D:3      | Reached skill level 7 in Ranged Weapons
  2004 | D:3      | Noticed Ijyb
  2009 | D:3      | Killed Ijyb
  2231 | D:3      | 2231 ||| UPGRADING to +0 helmet.
  2236 | D:3      | 2236 ||| UPGRADING to +0 leather armour of willpower.
  2246 | D:3      | 2246 ||| READING 2 scrolls of identify.
  2246 | D:3      | 2246 ||| IDENTIFYING coppery potion
  2247 | D:3      | 2247 ||| DROPPING potion of attraction.
  2280 | D:4      | 2280 ||| PLANNING OSSUARY
  2397 | D:4      | Found an ancient bone altar of Kikubaaqudgha.
  2435 | D:4      | Reached * piety under Okawaru
  2533 | D:4      | Reached skill level 1 in Invocations
  2566 | D:4      | Found a sand-covered staircase.
  2576 | D:4      | 2576 ||| INVOKING Heroism.
  2632 | D:4      | 2632 ||| UPGRADING to +3 leather armour.
  2642 | D:4      | 2642 ||| DROPPING +0 ring mail.
  2643 | D:4      | 2643 ||| DROPPING +0 leather armour of willpower.
  2644 | D:4      | 2644 ||| READING 2 scrolls of identify.
  2644 | D:4      | 2644 ||| IDENTIFYING green potion
  2648 | Ossuary  | Entered an ossuary
  2680 | Ossuary  | 2680 ||| INVOKING Heroism.
  2683 | Ossuary  | HP: 1/44 [mummy (13)]
  2684 | Ossuary  | 2684 ||| READING 3 scrolls of teleportation.
  3011 | Ossuary  | 3011 ||| READING scroll labelled COLUGHOESCH.
  3012 | Ossuary  | 3012 ||| READING scroll labelled XAKHYES SELYN.
  3013 | Ossuary  | 3013 ||| DRINKING 2 yellow potions.
  3014 | Ossuary  | 3014 ||| DRINKING 3 silvery potions.
  3015 | Ossuary  | 3015 ||| DRINKING 3 fizzy purple potions.
  3016 | Ossuary  | 3016 ||| DRINKING 3 murky grey potions.
  3047 | Ossuary  | 3047 ||| DRINKING 3 puce potions.
  3048 | Ossuary  | 3048 ||| DROPPING 2 potions of lignification.
  3049 | Ossuary  | 3049 ||| DROPPING 2 potions of degeneration.
  3070 | D:4      | 3070 ||| PLANNING D:1-11
  3163 | D:4      | 3163 ||| INVOKING Heroism.
  3170 | D:4      | Reached skill level 8 in Ranged Weapons
  3170 | D:4      | Reached XP level 8. HP: 47/49 MP: 6/9
  3181 | D:4      | 3181 ||| DRINKING 2 potions of curing.
  3181 | D:4      | 3181 ||| (to cure confusion)
  3405 | D:4      | Found a staircase to the Ecumenical Temple.
  3462 | D:4      | Found a hide-covered altar of Uskayaw.
  3483 | D:5      | Entered Level 5 of the Dungeon
  3500 | D:5      | 3500 ||| Stepping ~*~*~tactically~*~*~ (outnumbered).
  3508 | D:5      | Reached skill level 3 in Invocations
  3508 | D:5      | 3508 ||| INVOKING Heroism.
  3674 | D:5      | 3674 ||| READING scroll of enchant armour.
  3674 | D:5      | 3674 ||| ENCHANTING +0 helmet.
  3726 | D:5      | 3726 ||| DRINKING potion of curing.
  3726 | D:5      | 3726 ||| (to cure confusion)
  3868 | D:5      | Noticed Prince Ribbit
  3869 | D:5      | 3869 ||| INVOKING Heroism.
  3893 | D:5      | 3893 ||| INVOKING Heroism.
  3904 | D:5      | Killed Prince Ribbit
  3955 | D:5      | Found a shimmering blue altar of Sif Muna.
  4055 | D:5      | Reached skill level 9 in Ranged Weapons
  4091 | D:5      | 4091 ||| INVOKING Heroism.
  4108 | D:5      | 4108 ||| Stepping ~*~*~tactically~*~*~ (outnumbered).
  4111 | D:5      | 4111 ||| INVOKING Heroism.
  4114 | D:5      | Reached skill level 6 in Fighting
  4145 | D:5      | 4145 ||| INVOKING Heroism.
  4170 | D:5      | 4170 ||| INVOKING Heroism.
  4204 | D:5      | 4204 ||| FLEEEEING.
  4205 | D:5      | 4205 ||| FLEEEEING.
  4206 | D:5      | 4206 ||| FLEEEEING.
  4364 | D:5      | Reached XP level 9. HP: 55/55 MP: 12/12
  4480 | D:5      | 4480 ||| UPGRADING to ring of protection from fire.
  4569 | D:6      | Noticed a two-headed ogre
  4570 | D:6      | 4570 ||| INVOKING Heroism.
  4583 | D:6      | Killed a two-headed ogre
  4584 | D:6      | Reached skill level 10 in Ranged Weapons
  4618 | D:6      | 4618 ||| FLEEEEING.
  4619 | D:6      | 4619 ||| FLEEEEING.
  4633 | D:6      | 4633 ||| FLEEEEING.
  4635 | D:6      | 4635 ||| STAIRDANCE
  4683 | D:5      | 4683 ||| READING 3 scrolls of identify.
  4683 | D:5      | 4683 ||| IDENTIFYING emerald potion
  4704 | D:6      | 4704 ||| INVOKING Heroism.
  4771 | D:6      | 4771 ||| INVOKING Heroism.
  4836 | D:6      | Found an opulent altar of Gozag.
  4862 | D:6      | Noticed Maggie
  4878 | D:6      | 4878 ||| INVOKING Heroism.
  4887 | D:6      | HP: 13/55 [disintegration (16)]
  4888 | D:6      | 4888 ||| READING 2 scrolls of teleportation.
  4889 | D:6      | 4889 ||| DRINKING 3 potions of heal wounds.
  4891 | D:6      | Blown up by Maggie

Levels and vault maps discovered:
D:1:      minmay_arrival_cross, layout_basic
D:2:      layout_loops_cross, uniq_terence, uniq_sigmund
D:3:      layout_loops_ring, lemuel_coloured_pillars_altar,
          okawaru_ov_weapons_minmay, minmay_distorted, uniq_grinder, uniq_ijyb
D:4:      layout_rooms, nicolae_uskayaw_suspiria, lemuel_round_altar,
          minmay_temple_entry_nine_rooms, nicolae_ossuary_entry_catacombs
D:5:      layout_rooms, led_sif_pool, guppyfry_early_orc_mine,
          uniq_prince_ribbit1
D:6:      layout_rooms, mainiacjoe_overflow_catwalk, elyvilon_altar_3,
          uniq_maggie

Skill      XL: |  1  2  3  4  5  6  7  8  9 |
---------------+----------------------------+-----
Armour         | 1 |  1.2
Ranged Weapons | 5 6 8 9 10 | 10.8
Fighting       | 3 5 6 |  6.0
Dodging        | 2 |  2.7
Invocations    | 2 4 |  4.7
Stealth        | |  1.1

Action                     |  1- 3 |  4- 6 |  7- 9 || total
---------------------------+-------+-------+-------++-------
   Fire: Shortbow          |   100 |   169 |   561 ||   830
 Invoke: Heroism           |       |       |    14 ||    14
    Use: Scroll            |     2 |     4 |     8 ||    14
         Potion            |       |       |     8 ||     8
 Armour: Leather armour    |     7 |       |   205 ||   212
         Ring mail         |    23 |    76 |    10 ||   109
  Dodge: Dodged            |    38 |    65 |   221 ||   324

Table legend:
 A = Non-vault XP
 B = Vault XP
 C = Vault XP percentage of total XP
 D = Non-vault monster count
 E = Vault monster count
 F = Vault count percentage of total count
                 A         B        C        D         E       F
            +---------+---------+-------+---------+---------+-------
      Total |    2104 |    1390 |  39.8 |     129 |      36 |  21.8
            +---------+---------+-------+---------+---------+-------
        D:1 |      37 |       0 |   0.0 |      21 |       0 |   0.0
        D:2 |     109 |     266 |  70.9 |      33 |       2 |   5.7
        D:3 |      71 |     308 |  81.3 |       9 |       4 |  30.8
        D:4 |     263 |     154 |  36.9 |      29 |       6 |  17.1
        D:5 |     554 |     510 |  47.9 |      25 |       8 |  24.2
        D:6 |    1070 |       0 |   0.0 |      12 |       0 |   0.0
    Ossuary |       0 |     152 | 100.0 |       0 |      16 | 100.0
            +---------+---------+-------+---------+---------+-------
